 Dungeon Crawl Stone Soup version 0.18-a0-1797-gc18daef (webtiles) character file.

195 macross the Covert (level 5, -2/26 HPs)
             Began as a Spriggan Assassin on Apr 22, 2016.
             Slain by a scorpion (10 damage)
             ... on level 4 of the Dungeon.
             The game lasted 00:12:57 (3477 turns).

macross the Covert (Spriggan Assassin)              Turns: 3477, Time: 00:12:58

Health: -2/26      AC:  3    Str:  7    XL:     5   Next: 45%
Magic:  6/6        EV: 20    Int: 13    God:
Gold:   125        SH:  0    Dex: 18    Spells: 0 memorised, 4 levels left

rFire  . . .     SeeInvis +     a - +2 dagger
rCold  . . .     Gourm    .     c - +0 robe
rNeg   . . .     Faith    .     (shield restricted)
rPois  .         Spirit   .     (helmet restricted)
rElec  .         Dismiss  .     d - +0 cloak
rCorr  .         Reflect  .     (gloves unavailable)
SustAt .         Harm     .     (boots unavailable)
MR     .....                    (no amulet)
Stlth  ++++++....               (no ring)
                                s - ring of stealth

@: lethally poisoned (-2 -> -14), very quick, not resistant to hostile
enchantments, very stealthy
A: unfitting armour, see invisible, herbivore 3, speed 3, slow metabolism 2
a: no special abilities


You were on level 4 of the Dungeon.
You were full.

You visited 1 branch of the dungeon, and saw 4 of its levels.

You collected 125 gold pieces.

Inventory:

Hand Weapons
 a - a +2 dagger (weapon)
 b - a +0 blowgun
Missiles
 e - 8 poisoned needles
 f - 2 curare-tipped needles
Armour
 c - a +0 robe (worn)
 d - a +0 cloak (worn)
Jewellery
 s - a ring of stealth (left hand)
Wands
 r - a wand of slowing (34/48)
 u - a wand of iceblast (8/15)
Scrolls
 h - 3 scrolls of random uselessness {unknown}
 i - 2 scrolls of amnesia {unknown}
 j - a scroll of immolation {unknown}
 l - a scroll of magic mapping {unknown}
 m - 2 scrolls of teleportation
 o - 2 scrolls of enchant armour {unknown}
 p - 3 scrolls of noise {unknown}
 q - 2 scrolls of recharging {unknown}
 t - a scroll of identify {unknown}
 w - a scroll of blinking {unknown}
 x - a scroll of remove curse {unknown}
Potions
 n - 4 potions of curing {unknown}
 v - a potion of cure mutation {unknown}
Comestibles
 g - 3 bread rations
 k - a royal jelly


   Skills:
 + Level 1.9 Fighting
 * Level 3.2 Short Blades
 - Level 2.0 Throwing
 + Level 4.4 Dodging
 * Level 8.2 Stealth


You had 4 spell levels left.
You didn't know any spells.

Dungeon Overview and Level Annotations

Branches:
Dungeon (4/15)
 Temple: D:4-7

Altars:
Ru


Innate Abilities, Weirdness & Mutations

You are tiny and cannot use many weapons and most armour.
You have supernaturally acute eyesight.
You are a herbivore.
You cover ground extremely quickly.
You need consume almost no food.


Message History

You hit the scorpion but do no damage.
The scorpion is severely wounded.
You hear the brisk rusting of a distant drain.
You feel sick. The scorpion barely misses you.
You hit the scorpion but do no damage.
The scorpion is severely wounded.
You feel sick. The scorpion misses you.
You hit the scorpion but do no damage.
The scorpion is severely wounded.
You feel sick.
You hit the scorpion.
The scorpion is almost dead.
The scorpion closely misses you.
You hit the scorpion but do no damage.
The scorpion is almost dead.
You feel sick. The scorpion closely misses you.
You hit the scorpion but do no damage.
The scorpion is almost dead.
You feel sick. The scorpion stings you!
You die...

##### #######
#.....##.....##
##..............##
#................#
#................#
#............s@..#
#..............).#
#................#
#...................
#................##
###............#..#
#...................
##...##.......$.....
###.##..........#


You could see a scorpion.

Vanquished Creatures
  A scorpion (D:4)
  A hound (D:4)
  3 adders
  An ooze (D:1)
  2 worms
  2 dart slugs (D:1)
  2 giant geckos (D:3)
  3 ball pythons
  2 giant cockroaches (D:1)
  5 goblins
  10 hobgoblins
  11 jackals
  2 quokkas
  8 bats
  A giant newt (D:2)
  4 kobolds
  12 rats
70 creatures vanquished.

Notes
Turn   | Place    | Note
--------------------------------------------------------------
     0 | D:1      | macross the Spriggan Assassin began the quest for the Orb.
     0 | D:1      | Reached XP level 1. HP: 10/10 MP: 2/2
    45 | D:1      | Reached skill level 6 in Stealth
   172 | D:1      | Reached XP level 2. HP: 14/14 MP: 3/3
   546 | D:1      | Reached skill level 7 in Stealth
   898 | D:1      | Reached XP level 3. HP: 11/18 MP: 4/4
  1994 | D:2      | Reached XP level 4. HP: 22/22 MP: 5/5
  2157 | D:3      | Found a faded altar to an unknown god.
  2860 | D:3      | Found a sacrificial altar of Ru.
  3063 | D:4      | Reached XP level 5. HP: 17/26 MP: 6/6
  3447 | D:4      | Reached skill level 8 in Stealth
  3477 | D:4      | Slain by a scorpion

Vault maps used:
D:1:      minmay_arrival_plants_in_alcoves
D:2:      first_bread
D:3:      lemuel_doored_altar, ecumenical_altar_1
D:4:      portal_sewer_entry_d

Skill      XL: |  1  2  3  4  5 |
---------------+----------------+-----
Stealth        | 6 7 8 |  8.2
Dodging        | 3 4 |  4.4
Short Blades   | 3 |  3.2
Fighting       | |  1.9
Throwing       | |  2.0

Action                   |  1- 3 |  4- 6 || total
-------------------------+-------+-------++-------
Melee: Dagger            |   157 |   156 ||   313
  Use: Scroll            |       |     1 ||     1
 Stab: Sleeping          |    12 |     8 ||    20
       Distracted        |     1 |       ||     1
  Eat: Bread ration      |       |     1 ||     1
Armor: Robe              |    22 |    12 ||    34
Dodge: Dodged            |   178 |   119 ||   297
